 Dungeon Crawl Stone Soup version 0.24.0-13-gcf9b319 (webtiles) character file.

Game seed: 9298069747441193845, levelgen mode: deterministic

737 Bronimir the Digger (level 7, -5/57 HPs)
             Began as a Deep Dwarf Earth Elementalist on Mar 9, 2020.
             Was a Believer of Elyvilon.
             Slain by an ogre
             ... wielding a +0 giant club
              (21 damage)
             ... on level 5 of the Dungeon on Mar 10, 2020.
             The game lasted 00:16:41 (3798 turns).

Bronimir the Digger (Deep Dwarf Earth Elementalist) Turns: 3798, Time: 00:16:42

Health: -5/57      AC:  9    Str: 13    XL:     7   Next: 46%
Magic:  9/10       EV: 11    Int: 19    God:    Elyvilon [**....]
Gold:   199        SH:  0    Dex: 13    Spells: 2/12 levels left

rFire    . . .     SeeInvis .   a - +2 war axe
rCold    . . .     Gourm    .   (no shield)
rNeg     . . .     Faith    .   q - +1 ring mail
rPois    .         Spirit   .   k - +2 hat
rElec    .         Reflect  .   l - +0 cloak
rCorr    .         Harm     .   (no gloves)
MR       +....                  (no boots)
Stlth    +.........             s - amulet of magic regeneration
HPRegen  0.00/turn              t - +3 ring of intelligence
MPRegen  0.37/turn              (no ring)

@: non-regenerating
A: damage resistance, heal wounds, sense surroundings 1, no regeneration
a: Heal Wounds, Lesser Healing, Heal Other, Divine Protection, Renounce Religion


You were on level 5 of the Dungeon.
You worshipped Elyvilon.
Elyvilon was pleased with you.
You were not hungry.

You visited 2 branches of the dungeon, and saw 6 of its levels.

You collected 199 gold pieces.

Inventory:

Hand Weapons
 a - a +2 war axe (weapon)
 b - a +0 hunting sling
 w - a +0 spear
 y - a +0 mace
Missiles
 f - 94 bolts
 i - 12 arrows
 n - 15 sling bullets
 B - 50 stones (quivered)
Armour
 k - a +2 hat (worn)
 l - a +0 cloak (worn)
 q - a +1 ring mail (worn)
Jewellery
 h - a cursed ring of protection from magic {unknown}
 s - an amulet of magic regeneration (around neck)
 t - a +3 ring of intelligence (left hand)
Wands
 p - a wand of enslavement (13)
Scrolls
 e - 2 scrolls of fog
 g - 3 scrolls of remove curse
 j - 2 scrolls of teleportation
 m - 4 scrolls of identify
 o - 2 scrolls of amnesia
 A - 2 scrolls of enchant armour
Comestibles
 c - 2 chunks of flesh
 d - 13 rations


   Skills:
 * Level 1.3 Fighting
 + Level 2.7 Axes
 + Level 0.7 Slings
 + Level 2.6 Armour
 + Level 2.7 Dodging
 - Level 2.4 Stealth
 * Level 1.5 Unarmed Combat
 + Level 3.0 Spellcasting
 + Level 0.1 Conjurations
 * Level 1.8 Transmutations
 * Level 6.8 Earth Magic
 * Level 3.8 Invocations


You had 2 spell levels left.
You knew the following spells:

 Your Spells              Type           Power        Failure   Level  Hunger
a - Sandblast             Erth           ####..       1%          1    None
b - Passwall              Tmut/Erth      ###.....     8%          2    ##.....
c - Stone Arrow           Conj/Erth      ###...       22%         3    ###....
d - Petrify               Tmut/Erth      ###.....     45%         4    ####...

Your spell library contained the following spells:

 Spells                   Type           Power        Failure   Level  Hunger
 Beastly Appendage        Tmut           #.....       14%         1    None
 Sticks to Snakes         Tmut           #.......     22%         2    ##.....
 Lee's Rapid Deconstruct  Erth           ####......   47%         5    ######.
 Spider Form              Tmut/Pois      #.........   54%         3    ###....
 Ice Form                 Ice/Tmut       #.......     91%         4    ####...
 Blade Hands              Tmut           #.........   99%         5    ######.


Dungeon Overview and Level Annotations

Branches:
Dungeon (5/15)             Temple (1/1) D:4

Altars:
Elyvilon
Fedhas
Hepliaklqana
Trog
Wu Jian
Yredelemnul
Zin

Annotations:
D:3 2 runed translucent doors, Crazy Yiuf; wahemi82's ghost, amateur MiFi


Innate Abilities, Weirdness & Mutations

You are resistant to damage.
You can heal yourself by infusing magical energy.
You passively map a small area around you.
You do not regenerate.


Message History

The ogre is severely wounded.
B - 51 stones The ogre hits you with a +0 giant club!
* * * LOW HITPOINT WARNING * * *
Casting: Sandblast (safe; 1% risk of failure)
Confirm with . or Enter, or press ? or * to list all spells.
Aiming: Sandblast (safe; 1% risk of failure)
Press: ? - help, Shift-Dir - straight line, f/p - ogre
Aim: an ogre, wielding a +0 giant club (severely wounded)
The blast of sand hits the ogre!
The ogre is almost dead.
B - 50 stones The ogre closely misses you.
You hit the ogre but do no damage.
The ogre is almost dead.
The ogre barely misses you.
You barely miss the ogre.
The ogre is almost dead.
The ogre hits you with a +0 giant club!!
You die...

#
##################
#...........#...[.
**
#@#########.#.####
#......O....#
#....###
........####.#
##.....##
.#.###### #.#
#......<# ,# * #.#
#........
######.###.......#
* *
#................#
#.####....>.......
, * #.###.#.....#


You could see an ogre.

Vanquished Creatures
  2 ogres (D:5)
  A howler monkey (D:4)
  A bullfrog zombie (D:3)
  4 orc priests
  A bullfrog skeleton (D:4)
  2 orc wizards (D:3)
  Terence (D:2)
  An iguana (D:5)
  3 worker ants
  A hound skeleton (D:2)
  7 adders
  A gnoll (D:3)
  An adder skeleton (D:4)
  4 worms
  2 dart slugs
  A leopard gecko (D:2)
  11 orcs
  A ball python (D:3)
  10 bats
  2 giant cockroaches
  A goblin (D:3)
  5 hobgoblins
  6 kobolds
  A quokka (D:2)
  6 frilled lizards
  A quokka skeleton (D:2)
  8 rats
85 creatures vanquished.

Notes
Turn   | Place    | Note
-------+----------+-------------------------------------------
     0 | D:1      | Bronimir the Deep Dwarf Earth Elementalist began the quest
                  | for the Orb.
     0 | D:1      | Reached XP level 1. HP: 15/15 MP: 3/3
   184 | D:1      | Reached XP level 2. HP: 17/22 MP: 4/4
   203 | D:1      | Reached skill level 1 in Armour
   395 | D:2      | Found a white marble altar of Elyvilon.
   402 | D:2      | Became a worshipper of Elyvilon the Healer
   432 | D:2      | Found an ornate altar of the Wu Jian Council.
   465 | D:2      | Noticed Terence
   505 | D:2      | HP: 1/22 [adder (2)]
   539 | D:2      | Reached XP level 3. HP: 23/28 MP: 1/4
   583 | D:2      | Killed Terence
   583 | D:2      | Reached skill level 1 in Axes
   583 | D:2      | Reached skill level 5 in Earth Magic
   704 | D:2      | Learned a level 2 spell: Passwall
   708 | D:2      | Learned a level 3 spell: Stone Arrow
  1020 | D:2      | Reached XP level 4. HP: 21/36 MP: 2/6
  1112 | D:2      | Reached * piety under Elyvilon
  1315 | D:3      | Found a runed translucent door.
  1315 | D:3      | Noticed wahemi82's ghost (amateur MiFi)
  1349 | D:3      | Reached skill level 1 in Invocations
  1349 | D:3      | Reached XP level 5. HP: 29/43 MP: 1/7
  1678 | D:3      | Reached skill level 6 in Earth Magic
  1693 | D:3      | Found a hazy altar of Hepliaklqana.
  2140 | D:3      | Reached XP level 6. HP: 44/50 MP: 9/9
  2176 | D:3      | Learned a level 4 spell: Petrify
  2398 | D:3      | Found a glowing silver altar of Zin.
  2504 | D:3      | Found a runed translucent door.
  2505 | D:3      | Noticed Crazy Yiuf
  2668 | D:4      | Reached skill level 1 in Transmutations
  2818 | D:4      | Reached skill level 1 in Fighting
  3181 | D:4      | Reached XP level 7. HP: 27/57 MP: 6/10
  3223 | D:4      | Found a staircase to the Ecumenical Temple.
  3244 | Temple   | Entered the Ecumenical Temple
  3398 | D:5      | Entered Level 5 of the Dungeon
  3413 | D:5      | Reached skill level 1 in Unarmed Combat
  3439 | D:5      | Reached ** piety under Elyvilon
  3449 | D:5      | Found a basalt altar of Yredelemnul.
  3798 | D:5      | Slain by an ogre

Levels and vault maps discovered:
D:1:      roderic_dead_forest, layout_rooms
D:2:      layout_basic, old_standard_altar, lemuel_crystal_altar,
          chequers_avenue, uniq_terence
D:3:      layout_loops_ring, lemuel_doored_altar, zin_statuary, first_ration,
          hellmonk_ghost_happy_afterlife, minmay_increasing_density,
          uniq_crazy_yiuf_cottage
D:4:      layout_basic, minmay_temple_entry_purple_smoke
D:5:      layout_loops_ring, lemuel_crystal_altar, kennysheep_mini_moat
Temple:   compressed_dpeg_triangle_lava_temple

Skill      XL: |  1  2  3  4  5  6  7 |
---------------+----------------------+-----
Armour         | 1 2 |  2.6
Axes           | 1 2 |  2.7
Spellcasting   | 2 3 |  3.0
Earth Magic    | 5 6 |  6.8
Invocations    | 1 3 |  3.8
Transmutations | 1 |  1.8
Fighting       | 1 |  1.3
Unarmed Combat | 1 |  1.5
Slings         | |  0.7
Dodging        | |  2.7
Stealth        | |  2.4
Conjurations   | |  0.1

Action                   |  1- 3 |  4- 6 |  7- 9 || total
-------------------------+-------+-------+-------++-------
Melee: Hand axe          |    46 |     4 |       ||    50
       War axe           |       |   112 |    11 ||   123
 Fire: Hunting sling     |       |    14 |     1 ||    15
 Cast: Sandblast         |    29 |    51 |     8 ||    88
       Stone Arrow       |     3 |     1 |     7 ||    11
Invok: Lesser Healing    |       |    16 |     6 ||    22
 Abil: Heal Wounds       |     1 |       |       ||     1
  Use: Scroll            |       |       |    11 ||    11
       Potion            |       |       |     4 ||     4
 Stab: Sleeping          |     1 |       |       ||     1
  Eat: Chunk             |     1 |    10 |     4 ||    15
Armor: Robe              |     4 |       |       ||     4
       Ring mail         |     7 |    65 |     2 ||    74
Dodge: Dodged            |    42 |   107 |     9 ||   158
